AoeStats
← wolololigma

Oasis

509661511Analyzed
4v4 RM · 4d ago on Sep 27, 2026· 73m 55s· 8 players
Game mode
Random Map
Map size
Large (8 player)
Population
200
Speed
Normal
Resources
Standard
Victory
Conquest
Starting age
Dark Age
Ending age
Imperial Age
RankedLock teamsTeams togetherTeam positionsShared explorationLock speedFull tech treeHidden civsTurbo modeCheats
Victory
Defeat
🇭🇺 Spanish · Hungary
1124
+15
🇭🇰 Huns · Hong Kong SAR China
1108
+15
🇨🇳 Byzantines · China
1097
+16
🇻🇳 Celts · Vietnam
1088
+16
🇮🇳 Hindustanis · India
1129
-17
🇬🇹 Spanish · Guatemala
1116
-16
🇳🇱 Persians · Netherlands
1092
-15
🇺🇸 Teutons · United States
1050
-14
Doppinger
9:54 Feudal Age
9:30 Loom
11:48 Loom
16:00 Castle Age
14:02 Double-Bit Axe
15:10 Horse Collar
21:20 Wheelbarrow
22:00 Heavy Plow
24:30 Hand Cart
24:37 Bow Saw
29:53 Imperial Age
27:31 Gold Mining
27:31 Stone Mining
28:15 Bloodlines
28:48 Husbandry
28:59 Scale Barding Armor
29:44 Caravan
30:04 Forging
29:18 Light Cavalry
30:12 Fletching
30:06 Cavalier
31:21 Conscription
32:41 Guilds
33:07 Coinage
33:43 Paladin
35:35 Supremacy
35:48 Chain Barding Armor
36:19 Banking
36:31 Iron Casting
36:25 Town Watch
37:17 Plate Barding Armor
36:38 Bodkin Arrow
37:08 Ballistics
36:44 Murder Holes
38:49 Blast Furnace
37:13 Hussar
40:01 Hoardings
40:57 Scale Mail Armor
47:01 Chemistry
46:13 Masonry
48:59 Bracer
51:26 Guard Tower
52:07 Architecture
51:34 Arrowslits
60:42 Bombard Tower
61:07 Keep
65:50 Chain Mail Armor
Kingssiu
6:16 Loom
8:59 Feudal Age
20:23 Castle Age
18:14 Gold Mining
18:13 Double-Bit Axe
18:27 Horse Collar
20:26 Scale Barding Armor
20:33 Forging
22:01 Bow Saw
21:53 Heavy Plow
22:21 Bloodlines
32:59 Imperial Age
30:34 Town Watch
31:26 Wheelbarrow
31:30 Chain Barding Armor
31:46 Iron Casting
31:57 Gold Mining
32:21 Scale Mail Armor
32:03 Pikeman
32:43 Squires
32:28 Arson
32:51 Husbandry
34:36 Conscription
35:23 Blast Furnace
34:39 Chain Mail Armor
35:28 Blast Furnace
35:08 Gold Shaft Mining
35:38 Two-Man Saw
35:32 Halberdier
50:25 Heavy Cavalry Archer
51:33 Parthian Tactics
51:04 Fletching
51:14 Padded Archer Armor
52:18 Bodkin Arrow
53:30 Padded Archer Armor
53:32 Bracer
59:46 Ballistics
59:22 Murder Holes
72:09 Cavalier
73:35 Plate Barding Armor
73:19 Leather Archer Armor
73:12 Paladin
nguyen.tranchk32.dlu
4:31 Loom
11:01 Feudal Age
16:16 Castle Age
15:00 Double-Bit Axe
21:01 Horse Collar
30:32 Imperial Age
29:54 Bow Saw
29:46 Heavy Plow
29:39 Gold Mining
30:46 Scale Mail Armor
31:00 Onager
34:28 Elite Woad Raider
40:23 Forging
41:56 Chain Mail Armor
43:28 Pikeman
44:39 Plate Mail Armor
45:07 Halberdier
49:13 Iron Casting
51:50 Blast Furnace
53:32 Arson
55:21 Conscription
55:13 Scale Barding Armor
55:14 Caravan
56:22 Husbandry
55:43 Light Cavalry
56:45 Chain Barding Armor
57:05 Wheelbarrow
56:26 Capped Ram
61:40 Hussar
63:51 Hand Cart
370885147
0:29 Loom
12:40 Feudal Age
13:46 Double-Bit Axe
13:45 Horse Collar
13:59 Stone Mining
16:46 Wheelbarrow
21:27 Castle Age
22:37 Bow Saw
23:07 Stone Shaft Mining
22:35 Heavy Plow
23:53 Hand Cart
25:41 Gold Mining
34:52 Imperial Age
33:37 Fortified Wall
33:11 Treadmill Crane
33:26 Murder Holes
34:31 Gold Shaft Mining
35:11 Ballistics
34:58 Scale Barding Armor
35:04 Forging
35:56 Conscription
36:17 Hoardings
35:54 Logistica
35:05 Elite Cataphract
37:31 Two-Man Saw
37:21 Crop Rotation
36:29 Pikeman
37:09 Squires
37:21 Scale Mail Armor
37:57 Iron Casting
37:22 Halberdier
37:48 Arson
40:27 Chain Mail Armor
44:30 Plate Mail Armor
44:21 Chain Barding Armor
47:19 Plate Barding Armor
46:37 Fletching
46:54 Husbandry
53:16 Bodkin Arrow
53:23 Padded Archer Armor
54:25 Chemistry
53:13 Arrowslits
57:25 Light Cavalry
62:06 Caravan
67:05 Bracer
67:20 Leather Archer Armor
XXxCoExXX
11:11 Feudal Age
11:31 Double-Bit Axe
12:03 Loom
13:16 Horse Collar
18:06 Wheelbarrow
19:31 Castle Age
19:41 Castle Age
18:14 Gold Mining
18:37 Bloodlines
20:22 Bow Saw
21:50 Wheelbarrow
23:21 Wheelbarrow
22:56 Heavy Plow
22:49 Stone Mining
26:32 Hand Cart
32:53 Imperial Age
30:57 Fletching
31:38 Scale Barding Armor
31:43 Forging
31:59 Masonry
32:09 Ballistics
32:04 Masonry
32:27 Bodkin Arrow
32:53 Chain Barding Armor
32:56 Kamandaran
32:19 Crossbowman
33:05 Thumb Ring
33:02 Padded Archer Armor
33:51 Iron Casting
33:23 Husbandry
33:02 Cavalier
34:19 Conscription
36:42 Plate Barding Armor
37:44 Blast Furnace
37:51 Leather Archer Armor
42:43 Ring Archer Armor
41:42 Savar
44:34 Light Cavalry
47:27 Hussar
49:30 Chemistry
49:01 Architecture
49:38 Two-Man Saw
51:17 Caravan
51:48 Coinage
55:36 Hoardings
64:22 Citadels
ViChoc
0:53 Loom
12:22 Feudal Age
13:13 Double-Bit Axe
22:12 Castle Age
22:02 Town Watch
23:38 Town Patrol
25:40 Fletching
25:36 Horse Collar
26:36 Fortified Wall
27:22 Heavy Plow
29:13 Bodkin Arrow
34:16 Imperial Age
35:53 Conscription
39:45 Capped Ram
41:28 Chemistry
41:34 Chemistry
41:19 Husbandry
41:30 Bloodlines
42:24 Ballistics
41:34 Cavalier
43:44 Gold Mining
43:45 Stone Mining
44:11 Inquisition
45:49 Bracer
45:49 Padded Archer Armor
46:02 Forging
45:52 Scale Mail Armor
45:58 Scale Barding Armor
49:01 Pikeman
49:42 Squires
49:40 Halberdier
50:05 Arson
wolololigma
2:53 Loom
12:46 Feudal Age
18:54 Wheelbarrow
19:44 Double-Bit Axe
22:48 Stone Mining
26:42 Castle Age
24:36 Gold Mining
25:06 Horse Collar
28:52 Bow Saw
30:02 Caravan
31:26 Hand Cart
34:07 Elite Skirmisher
34:42 Fletching
34:53 Padded Archer Armor
35:04 Forging
34:54 Scale Mail Armor
38:37 Imperial Age
37:14 Bloodlines
38:25 Forging
38:56 Squires
38:42 Arson
39:16 Chain Mail Armor
40:01 Conscription
43:13 Ironclad
42:46 Cavalier
44:41 Crenellations
46:13 Pikeman
47:01 Halberdier
47:12 Elite Teutonic Knight
53:18 Paladin
59:25 Two-Man Saw
58:28 Heavy Plow
59:56 Iron Casting
59:52 Plate Mail Armor
59:28 Scale Barding Armor
67:32 Bodkin Arrow
68:37 Blast Furnace
67:53 Leather Archer Armor
70:44 Onager
72:03 Siege Onager
Prnv2592
10:42 Feudal Age
15:09 Castle Age
13:23 Double-Bit Axe
13:51 Horse Collar
17:09 Loom
20:34 Wheelbarrow
21:20 Bow Saw
21:42 Heavy Plow
23:08 Gold Mining
25:00 Hand Cart
28:30 Imperial Age
26:35 Town Watch
27:03 Scale Barding Armor
27:08 Forging
27:10 Stone Mining
28:26 Chain Barding Armor
29:16 Bloodlines
29:06 Husbandry
29:43 Iron Casting
29:00 Fletching
28:55 Heavy Camel Rider
30:14 Plate Barding Armor
30:31 Padded Archer Armor
31:47 Chemistry
30:54 Siege Engineers
30:59 Masonry
32:13 Gold Shaft Mining
33:10 Blast Furnace
32:53 Conscription
32:37 Grand Trunk Road
32:12 Imperial Camel Rider
35:40 Siege Elephant
37:42 Light Cavalry
41:45 Murder Holes
42:12 Ballistics
41:52 Bodkin Arrow
42:13 Leather Archer Armor
42:21 Elite Skirmisher
44:03 Hoardings
44:59 Ring Archer Armor
44:29 Bracer
49:02 Two-Man Saw
49:58 Caravan
53:02 Shatagni
55:32 Hoardings
66:39 Arson
66:57 Squires
67:00 Scale Mail Armor
66:34 Elite Ghulam
71:48 Chain Mail Armor
Connection lost

Rejoining the realm…

Still unreachable

The connection could not be restored.

Session expired

The server has moved on; the page needs a fresh start.